Map: Triton LE

Players

Cliggity

  • Race: Protoss Protoss
  • League: Diamond
  • Spawn Location: 5:00

Qisear - Winner!

  • Race: Terran Terran
  • League: Diamond
  • Spawn Location: 11:00

VOD

Have the link to the VOD?

Description

Time

  • Played on: Oct. 19, 2019, 2:34 p.m.
  • Length: 3:54
Show
View Real Time Build Order
Export as new Build Order

Cliggity Protoss 

Build Orders: 1 Gate Expand 

Get SALT Encoding   

  12  0:00  Probe  
  13  0:12  Probe  
  14  0:18  Pylon  
  14  0:25  Probe (Chrono Boost)  
  15  0:37  Probe (Chrono Boost)  
  15  0:39  Gateway  
  16  0:45  Probe (Chrono Boost)  
  16  0:47  Assimilator  
  17  0:52  Probe  
  18  1:04  Probe  
  19  1:16  Probe  
  20  1:33  Nexus  
  20  1:36  Cybernetics Core  
  20  1:44  Probe  
  21  1:47  Assimilator  
  21  1:56  Probe  
  21  1:58  Pylon  
  22  2:08  Probe  
  22  2:13  Stalker (Chrono Boost)  
  25  2:27  Probe  
  26  2:32  Twilight Council  
  26  2:39  Probe  
  26  2:49  Robotics Facility  
  27  2:52  Probe (Chrono Boost)  
  27  2:53  Probe (Chrono Boost)  
  28  3:02  Probe x2 (Chrono Boost)  
  29  3:06  Probe (Chrono Boost)  
  29  3:08  Stalker (Chrono Boost)  
Show
View Real Time Build Order
Export as new Build Order

Qisear Terran - Winner!

Build Orders:  

Get SALT Encoding   

  12  0:01  SCV  
  13  0:13  SCV  
  14  0:23  Supply Depot  
  14  0:25  SCV  
  15  0:47  Barracks  
  15  0:55  SCV  
  16  0:58  Barracks  
  16  1:04  Refinery  
  16  1:08  SCV  
  17  1:20  SCV  
  19  1:34  Marine  
  19  1:39  Orbital Command  
  19  1:41  Supply Depot  
  19  1:46  Barracks Tech Lab  
  19  1:52  Marine  
  20  2:01  Refinery  
  20  2:06  Marauder, Concussive Shells  
  20  2:07  SCV  
  23  2:16  Marine  
  23  2:21  SCV  
  25  2:27  Marauder  
  27  2:33  Supply Depot, SCV  
  27  2:34  Marine  
  29  2:46  SCV  
  30  2:55  Marauder  
  32  3:04  Bunker  
  31  3:15  Marine  
  31  3:16  Marauder  
  31  3:18  SCV  
  35  3:23  Command Center  
  35  3:33  Marine  
  36  3:37  SCV  
Tags
 
Add a new tag
Caveats
  • Supply blocks, unpowered buildings, or Contaminate may cause inaccurate times.
  • Supply counts are checked every 10 seconds.